 Dungeon Crawl Stone Soup version 0.18-a0-1539-g1c7284a (webtiles) character file.

56 Ijustatesigmund the Insei (level 3, -4/25 HPs)
             Began as an Octopode Transmuter on Mar 9, 2016.
             Shot with an arrow of frost by a centaur (14 damage)
             ... on level 3 of the Dungeon.
             The game lasted 00:06:37 (2468 turns).

Ijustatesigmund the Insei (Octopode Transmuter)     Turns: 2468, Time: 00:06:37

Health: -4/25      AC:  1    Str:  9    XL:     3   Next: 95%
Magic:  6/6        EV: 12    Int: 16    God:
Gold:   147        SH:  0    Dex: 12    Spells: 3 memorised, 0 levels left

rFire  . . .     SeeInvis .       - Unarmed
rCold  . . .     Gourm    .     (no shield)
rNeg   . . .     Faith    .     (helmet restricted)
rPois  .         Spirit   .     (no amulet)
rElec  .         Dismiss  .     (no ring)
rCorr  .         Reflect  .     (no ring)
SustAt .         Harm     .     (no ring)
MR     .....                    (no ring)
Stlth  ++........               (no ring)
                                (no ring)
                                (no ring)
                                (no ring)

@: not resistant to hostile enchantments, unstealthy
A: almost no armour, amphibious, 8 rings, constrict 8, camouflage 1, gelatinous
body 1
a: no special abilities


You were on level 3 of the Dungeon.
You were very hungry.

You visited 1 branch of the dungeon, and saw 3 of its levels.

You collected 147 gold pieces.

Inventory:

Missiles
 a - 69 arrows
 p - a throwing net
 r - 3 tomahawks (quivered)
Wands
 m - a wand of flame (19/48)
Scrolls
 g - 2 scrolls of remove curse
 j - a scroll of teleportation
 k - a scroll of enchant armour
Potions
 e - a potion of haste
 f - a potion of flight
 h - a potion of brilliance {unknown}
 l - a potion of mutation {unknown}
Books
 b - a book of Changes

   Spells                             Type                      Level
   a - Beastly Appendage              Transmutation                1
   b - Sticks to Snakes               Transmutation                2
   c - Spider Form                    Transmutation/Poison         3
   d - Ice Form                       Ice/Transmutation            4
   e - Blade Hands                    Transmutation                5
Comestibles
 c - 3 bread rations
 d - 3 meat rations
 i - a slice of pizza
 n - a beef jerky


   Skills:
 + Level 2.9 Fighting
 - Level 2.0 Dodging
 + Level 3.4 Unarmed Combat
 - Level 2.0 Spellcasting
 - Level 2.0 Transmutations
 + Level 1.2 Poison Magic


You couldn't memorise any spells.
You knew the following spells:

 Your Spells              Type           Power        Failure   Level  Hunger
a - Beastly Appendage     Trmt           #.....       10%         1    #......
b - Sticks to Snakes      Trmt           #.......     14%         2    ###....
c - Spider Form           Trmt/Pois      #.........   34%         3    ###....


Dungeon Overview and Level Annotations

Branches:
Dungeon (3/15)

Altars:
Ashenzari
Yredelemnul


Innate Abilities, Weirdness & Mutations

You cannot wear most types of armour.
You are amphibious.
You can wear up to eight rings at the same time.
You can use your tentacles to constrict eight enemies at once.
Your skin changes colour to match your surroundings (Stealth).
Your rubbery body absorbs attacks (AC +1).


Message History

The arrow of frost freezes you.
The centaur shoots an arrow of frost.
The arrow of frost hits you! The arrow of frost freezes you.
* * * LOW HITPOINT WARNING * * *
Drink which item? (? for menu, Esc to quit)
Okay, then.
Read which item? (? for menu, Esc to quit)
As you read the scroll of fear, it crumbles to dust.
You assume a fearsome visage.
The centaur looks frightened!
The centaur moves out of view.
You see here a short sword.
Your transformation is almost over.
Your tentacle spike disappears.
You start resting.
You are feeling very hungry.
You start resting.
A centaur is nearby!
The centaur shouts!
The centaur shoots an arrow of frost.
The arrow of frost hits you!
Ouch! That really hurt!
You die...

....# #.## ##..##.#######.###
..### #.# #...##.........÷..
.#######.#######c.###.#######.###
....†.....##(.....###.# #.#..
########..............# #.#.#
#...........###.###### #.#.#
#.#####.##..# #.# #.#.# ##.#
#.##..# #.# #.#.# ...### #.##..#
#@# #.#)# .....# #.##..###.#
###.# .....# #.##......# ##8 #.#
.....# #.##......# 8...8###.#
.....# #.##...##.##.........##..#
.....# #....#.##.#>........._#.##
###### ###..#.#####.........####
#..#.# ##8...8...8## #..#.#
##8###8##


You could see a centaur.

Vanquished Creatures
  2 dart slugs (D:1)
  3 giant cockroaches
  7 goblins
  7 hobgoblins
  5 jackals (D:1)
  A quokka (D:3)
  2 ball pythons (D:1)
  6 bats
  A giant gecko skeleton (D:3)
  4 giant newts
  2 kobolds (D:1)
  3 rats
43 creatures vanquished.

Vanquished Creatures (collateral kills)
  An adder (D:3)
1 creature vanquished.

Grand Total: 44 creatures vanquished

Notes
Turn   | Place    | Note
--------------------------------------------------------------
     0 | D:1      | Ijustatesigmund the Octopode Transmuter began the quest for the Orb.
     0 | D:1      | Reached XP level 1. HP: 13/13 MP: 3/3
   293 | D:1      | Reached XP level 2. HP: 19/19 MP: 5/5
   297 | D:1      | Learned a level 2 spell: Sticks to Snakes
   968 | D:1      | Reached XP level 3. HP: 25/25 MP: 6/6
   973 | D:1      | Learned a level 3 spell: Spider Form
  1852 | D:3      | Found a shattered altar of Ashenzari.
  2005 | D:3      | Reached skill level 1 in Poison Magic
  2039 | D:3      | Found a basalt altar of Yredelemnul.
  2386 | D:3      | Noticed a centaur
  2468 | D:3      | Shot with an arrow of frost by a centaur

Vault maps used:
D:1:      lemuel_arrival_room
D:3:      nicolae_overflow_hidden_temple, ashenzari_conservatory_becter,
          gammafunk_temple_overflow_pools

Skill      XL: |  1  2  3 |
---------------+----------+-----
Fighting       | 2 |  2.9
Poison Magic   | 1 |  1.2
Dodging        | |  2.0
Unarmed Combat | |  3.4
Spellcasting   | |  2.0
Transmutations | |  2.0

Action                   || total
-------------------------++-------
Melee: Unarmed           ||   107
 Cast: Beastly Appendage ||     7
       Sticks to Snakes  ||     3
  Use: Scroll            ||    11
 Stab: Sleeping          ||     4
  Eat: Chunk             ||     4
